 Dungeon Crawl Stone Soup version 0.28-a0-1594-ga885d4b3d6 (webtiles) character file.

Game seed: 14038724724816367220

6627 parzival7114810 the Cleaver (level 11, -6/99 HPs)
             Began as a Hill Orc Fighter on Jan 20, 2022.
             Was a Follower of Beogh.
             Mangled by a red ugly thing (22 damage)
             ... on level 11 of the Dungeon.
             The game lasted 00:24:28 (15386 turns).

parzival7114810 the Cleaver (Hill Orc Fighter)     Turns: 15386, Time: 00:24:31

Health: -6/99      AC: 24    Str: 30    XL:     11   Next: 2%
Magic:  11/11      EV:  8    Int:  8    God:    Beogh [*.....]
Gold:   444        SH:  5    Dex: 10    Spells: 10/10 levels left

rFire   . . .      SeeInvis .   a - +0 war axe
rCold   . . .      Faith    .   c - +0 buckler
rNeg    + . .      Spirit   .   g - +0 plate armour
rPois   .          Reflect  .   q - +0 helmet
rElec   +          Harm     .   (no cloak)
rCorr   .          Rampage  .   k - +3 pair of gauntlets of War {Slay+5}
Will    .....      Clarity  +   p - +1 pair of boots
Stlth   ..........              (no amulet)
HPRegen 0.26/turn               h - ring of positive energy
MPRegen 0.12/turn               m - +6 ring of strength

@: hasted, very quick
A: iridescent scales 1, clarity, electricity resistance, MP-powered wands
a: Renounce Religion


You were on level 11 of the Dungeon.
You worshipped Beogh.
Beogh was aware of your devotion.
You visited 2 branches of the dungeon, and saw 12 of its levels.

You collected 444 gold pieces.

Inventory:

Hand Weapons
 a - a +0 war axe (weapon)
Missiles
 w - 2 throwing nets (quivered)
Armour
 b - a +0 scale mail
 c - a +0 buckler (worn)
 g - a +0 plate armour (worn)
 k - the +3 pair of gauntlets of War (worn) {Slay+5}
   (You acquired it on level 3 of the Dungeon)

   Slay:      It affects your accuracy & damage with ranged weapons and melee
   (+5).
 p - a +1 pair of boots (worn)
 q - a +0 helmet (worn)
Jewellery
 e - a ring of magical power
 h - a ring of positive energy (left hand)
 m - a +6 ring of strength (right hand)
 r - the ring of Lintosun {rN+ MP+9}
   (You found it on level 5 of the Dungeon)

   [ring of magical power]

   rN:        It protects you from negative energy.
   MP:        It affects your magic capacity (+9).
Wands
 f - a wand of acid (1)
 o - a wand of digging (11)
 t - a wand of charming (3)
Scrolls
 i - 4 scrolls of identify
 v - 2 scrolls of torment
Potions
 j - 2 potions of degeneration {unknown}
 l - 2 potions of heal wounds {unknown}


   Skills:
 + Level 9.9 Fighting
 + Level 14.3 Axes
 + Level 9.7 Armour
 + Level 1.2 Dodging
 + Level 1.5 Stealth
 + Level 5.2 Shields
 + Level 0.7 Evocations


You had 10 spell levels left.
You didn't know any spells.
Your spell library contained the following spells:

 Spells                   Type           Power      Damage    Failure   Level
 Apportation              Tloc           0%         N/A       99%         1
 Shock                    Conj/Air       0%         1d3       99%         1
 Ensorcelled Hibernation  Hex/Ice        0%         N/A       99%         2
 Gell's Gravitas          Tloc           0%         N/A       100%        3
 Spider Form              Tmut/Pois      0%         N/A       100%        3
 Swiftness                Air            0%         N/A       100%        3
 Teleport Other           Tloc           0%         N/A       100%        3
 Airstrike                Air            0%         N/A       100%        4
 Anguish                  Hex/Necr       0%         N/A       100%        4
 Alistair's Intoxication  Tmut/Pois      0%         N/A       100%        5
 Dispersal                Tloc           0%         N/A       100%        6


Dungeon Overview and Level Annotations

Branches:
Dungeon (11/15)            Temple (0/1) D:6            Lair (1/6) D:9
    Orc (0/2) D:9

Altars:
Elyvilon
Qazlal

Shops:
D:4 [   D:5 (   D:9 [(

Annotations:
D:10 exclusion: obsidian statue


Innate Abilities, Weirdness & Mutations

You are partially covered in iridescent scales. (AC +2)
You possess an exceptional clarity of mind.
You are resistant to electric shocks. (rElec)
You expend magic power (3 MP) to strengthen your wands.


Message History

The red ugly thing bites you but does no damage.
You slash the red ugly thing!
The red ugly thing is moderately wounded.
You hit the red ugly thing.
The red ugly thing is moderately wounded.
You barely miss the centaur.
The red ugly thing bites you but does no damage.
The centaur hits you but does no damage.
The centaur kicks you but does no damage.
You slash the red ugly thing!
The red ugly thing is heavily wounded.
You hit the centaur.
The centaur hits you but does no damage.
The centaur kicks you but does no damage.
The red ugly thing bites you but does no damage.
You barely miss the red ugly thing.
The red ugly thing is heavily wounded.
You slash the centaur! The centaur barely misses you. x2
The red ugly thing bites you!
You are engulfed in flames!!
The centaur hits you but does no damage.
The centaur barely misses you.
You slice the red ugly thing!!
The red ugly thing is almost dead.
You completely miss the centaur.
The red ugly thing bites you but does no damage.
You block the centaur's attack.
The centaur kicks you but does no damage.
You hit the red ugly thing.
The red ugly thing is almost dead.
You slash the centaur!
You kill the centaur!
Beogh accepts your kill. The red ugly thing bites you.
You are engulfed in flames!
* * * LOW HITPOINT WARNING * * *
You feel yourself speed up.
The komodo dragon bites you but does no damage.
The red ugly thing bites you!
* * * LOW HITPOINT WARNING * * *
You are engulfed in flames!!
You die...

# .# <## ...#
###...### #
####...(....
#.##..@u......#
#.#....l#.....#
#......## (....
###.....## .###
.........## #
###.......#
.........#^#
.#.#.#.#.#.#
..........#.#


You could see a red ugly thing and a komodo dragon.

Vanquished Creatures
  Harold (D:9)
  A two-headed ogre (D:10)
  A troll (D:11)
  A hornet (D:9)
  A wyvern (D:10)
  9 yaks
  2 steam dragons
  An acid dragon (D:10)
  6 orc warriors
  A sky beast (D:8)
  An ice beast (D:5)
  3 necrophages
  3 centaurs
  An ogre (D:5)
  A phantom (D:5)
  A bullfrog (Lair:1)
  A gnoll sergeant (D:9)
  A water moccasin zombie (D:6)
  2 scorpions (D:6)
  13 wights
  3 howler monkeys (D:9)
  A bullfrog zombie (D:5)
  5 orc priests
  2 jellies
  Jessica (D:2)
  7 iguanas
  Natasha (thrice) (D:2)
  5 orc wizards
  Terence (D:2)
  3 howler monkey zombies (D:9)
  6 gnolls
  3 adders
  2 white imps (D:5)
  An ufetubus (D:5)
  An adder skeleton (D:4)
  3 worms
  A dart slug (D:2)
  21 orcs
  11 endoplasms
  4 giant cockroaches
  10 hobgoblins
  4 jackals (D:1)
  2 quokkas
  7 ball pythons
  7 bats
  7 frilled lizards
  3 goblins
  4 kobolds
  5 rats
184 creatures vanquished.

Vanquished Creatures (others)
  An orc priest (D:7)
  A gnoll (D:9)
  2 orcs (D:7)
  2 fungi (D:1)
  7 plants (D:1)
  4 toadstools (Lair:1)
17 creatures vanquished.

Grand Total: 201 creatures vanquished

Notes
Turn   | Place    | Note
-------+----------+-------------------------------------------
     0 | D:1      | parzival7114810 the Hill Orc Fighter began the quest for
                  | the Orb.
     0 | D:1      | Reached XP level 1. HP: 19/19 MP: 1/1
   385 | D:1      | Reached XP level 2. HP: 27/27 MP: 2/2
   858 | D:1      | You fall into a shaft and drop 1 floor!
   868 | D:2      | Noticed Terence
   880 | D:2      | Killed Terence
   881 | D:2      | Reached skill level 3 in Axes
   881 | D:2      | Reached XP level 3. HP: 5/34 MP: 3/3
  1399 | D:1      | Found a faded altar of an unknown god.
  2206 | D:2      | Noticed Jessica
  2211 | D:2      | Killed Jessica
  2212 | D:2      | Reached XP level 4. HP: 41/41 MP: 4/4
  2253 | D:2      | Reached skill level 4 in Axes
  2410 | D:2      | Noticed Natasha
  2939 | D:2      | Killed Natasha
  2940 | D:2      | Reached XP level 5. HP: 39/47 MP: 5/5
  3152 | D:2      | Noticed Natasha
  3158 | D:2      | Killed Natasha
  3226 | D:2      | Noticed Natasha
  3236 | D:2      | Killed Natasha
  3596 | D:2      | Gained mutation: You have very sharp teeth. [potion of
                  | mutation]
  3596 | D:2      | Gained mutation: You have a pair of small horns on your
                  | head. [potion of mutation]
  3794 | D:3      | Found a glowing drain.
  4366 | D:3      | Reached skill level 5 in Axes
  4748 | D:3      | Identified a scroll of acquirement
  4748 | D:3      | Acquired the +3 pair of gauntlets of War {Slay+5}
  4748 | D:3      | Found the +3 pair of gauntlets of War {Slay+5}
  4888 | D:4      | Reached XP level 6. HP: 39/55 MP: 6/6
  4896 | D:4      | Lost mutation: You have a pair of small horns on your head.
                  | [potion of mutation]
  4896 | D:4      | Lost mutation: You have very sharp teeth. [potion of
                  | mutation]
  4896 | D:4      | Gained mutation: You expend magic power (3 MP) to
                  | strengthen your wands. [potion of mutation]
  4896 | D:4      | Gained mutation: You are partially covered in iridescent
                  | scales. (AC +2) [potion of mutation]
  4896 | D:4      | Gained mutation: You possess an exceptional clarity of
                  | mind. [potion of mutation]
  4896 | D:4      | Gained mutation: You are resistant to electric shocks.
                  | (rElec) [potion of mutation]
  5075 | D:4      | Found Fusam's Armour Boutique.
  5465 | D:5      | Entered Level 5 of the Dungeon
  5465 | D:5      | Noticed a necrophage
  5474 | D:5      | Killed a necrophage
  5475 | D:5      | Reached skill level 5 in Fighting
  5475 | D:5      | Reached skill level 6 in Axes
  5475 | D:5      | Reached skill level 5 in Armour
  5600 | D:5      | Reached XP level 7. HP: 58/61 MP: 7/7
  6504 | D:5      | Found Jouticrax's Weapon Boutique.
  6547 | D:5      | Reached skill level 7 in Axes
  6805 | D:5      | Identified the ring of Lintosun {rN+ MP+9}
  7117 | D:5      | Reached skill level 8 in Axes
  7353 | D:5      | Reached XP level 8. HP: 70/70 MP: 8/8
  8214 | D:6      | Reached skill level 9 in Axes
  8518 | D:6      | Found a stormy altar of Qazlal.
  8600 | D:6      | Found a staircase to the Ecumenical Temple.
  8804 | D:6      | Reached skill level 1 in Dodging
  8814 | D:6      | Reached skill level 10 in Axes
  9248 | D:7      | Became a worshipper of Beogh the Brigand
  9270 | D:8      | Reached XP level 9. HP: 50/79 MP: 9/9
  9288 | D:8      | Reached skill level 1 in Stealth
  9676 | D:9      | Noticed a hornet
  9682 | D:9      | Paralysed by a hornet for 1 turns
  9688 | D:9      | Killed a hornet
  9986 | D:9      | Reached skill level 11 in Axes
 10686 | D:9      | Noticed Harold
 10699 | D:9      | Killed Harold
 10700 | D:9      | Reached skill level 12 in Axes
 10746 | D:10     | Entered Level 10 of the Dungeon
 10752 | D:9      | Found Qeted's Armour Boutique.
 10752 | D:9      | Found a staircase to the Orcish Mines.
 10755 | D:9      | Found a staircase to the Lair.
 10762 | Lair:1   | Entered Level 1 of the Lair of Beasts
 10768 | Lair:1   | Reached XP level 10. HP: 45/88 MP: 10/10
 11170 | D:9      | Reached * piety under Beogh
 11870 | D:9      | Found Wiupif's Weapon Boutique.
 12606 | D:9      | Reached skill level 13 in Axes
 12615 | D:9      | Reached skill level 5 in Shields
 13309 | D:10     | Noticed an obsidian statue
 13313 | D:10     | Noticed a sun demon
 14627 | D:10     | Noticed a two-headed ogre
 14634 | D:10     | Killed a two-headed ogre
 14635 | D:10     | Reached skill level 14 in Axes
 15240 | D:11     | Reached XP level 11. HP: 72/99 MP: 11/11
 15357 | D:11     | Found a white marble altar of Elyvilon.
 15374 | D:11     | Noticed a red ugly thing
 15386 | D:11     | Mangled by a red ugly thing

Illustrated notes

Levels and vault maps discovered:
D:1:      dpeg_arrival_simpleton_a, layout_loops_ring,
          shapermc_ecumenical_altar_mp_urbaneastern
D:2:      minmay_wonky_spiral, layout_rooms, uniq_natasha, uniq_jessica,
          uniq_terence
D:3:      layout_basic, portal_sewer_entry_a
D:4:      layout_cave_pools, serial_shops, shop
D:5:      layout_basic, serial_shops, shop
D:6:      layout_basic, kennysheep_mini, temple_doors_ab, corexii_corridor_pit
D:7:      layout_loops_ring, chequers_serial_rivers_micro_b, minmay_between,
          uniq_maggie
D:8:      layout_cave_pools, nicolae_water_bricks, kennysheep_generic_room_6
D:9:      layout_roguey, lair_entry_dummy, orc_david_3, uniq_harold
D:10:     layout_stronghold, minmay_statue_bubble
D:11:     layout_loops_ring, elyvilon_altar_5
Lair:1:   gammafunk_lair_enchanted_lake, layout_gridlike, basic_altar,
          serial_bayou_shore_a

Skill      XL: |  1  2  3  4  5  6  7  8  9 10 |
---------------+-------------------------------+-----
Fighting       | 4 5 7 8 9 |  9.9
Axes           | 3 4 5 6 8 10 12 14 | 14.3
Armour         | 4 5 6 8 9 |  9.7
Shields        | 4 5 |  5.2
Dodging        | 1 |  1.2
Stealth        | 1 |  1.5
Evocations     | |  0.7

Action                   |  1- 3 |  4- 6 |  7- 9 | 10-12 || total
-------------------------+-------+-------+-------+-------++-------
Melee: War axe           |    77 |   130 |   197 |   134 ||   538
       Headbutt          |       |     6 |       |       ||     6
Invok: Convert to Beogh  |       |       |     1 |       ||     1
Evoke: Wand              |       |     2 |     1 |     1 ||     4
  Use: Scroll            |       |     7 |     1 |     2 ||    10
       Potion            |       |     6 |       |     8 ||    14
Armor: Scale mail        |    37 |       |       |       ||    37
       Plate armour      |     5 |   150 |   141 |    98 ||   394
Dodge: Dodged            |    35 |    49 |    67 |    66 ||   217
Block: Buckler           |    31 |    41 |    28 |    29 ||   129

Table legend: (Time is in decaauts)
 A = Elapsed time spent in this place.
 B = Non-inter-level travel time spent in this place.
 C = Inter-level travel time spent in this place.
 D = Time resting spent in this place.
 E = Time spent auto-exploring this place.
 F = Levels seen in this place.
 G = Mean time per level.
                   A        B        C        D        E       F      G
               +--------+--------+--------+--------+--------+-----+--------+
         Total |  15418 |  14385 |   1033 |   8019 |   4349 |  12 | 1284.8 |
       Dungeon |  14591 |  13558 |   1033 |   7202 |   4349 |  11 | 1326.5 |
          Lair |    827 |    827 |      0 |    817 |      0 |   1 |  827.0 |
               +--------+--------+--------+--------+--------+-----+--------+

Top non-repeatable levels by time:
     D:9: 3128 daAuts
     D:1: 2134 daAuts
     D:2: 1697 daAuts
    D:10: 1576 daAuts
     D:5: 1569 daAuts
     D:3: 1553 daAuts
     D:6: 1411 daAuts
     D:4: 930 daAuts
  Lair:1: 827 daAuts
     D:8: 402 daAuts
    D:11: 158 daAuts
     D:7: 29 daAuts
